AoeStats
← kaysko

Golden Pit

508194890Analyzed
1v1 RM · 12d ago on Sep 21, 2026· 51m 1s· 2 players
Game mode
Random Map
Map size
Tiny (2 player)
Population
200
Speed
Normal
Resources
Standard
Victory
Conquest
Starting age
Dark Age
Ending age
Imperial Age
RankedLock teamsTeams togetherTeam positionsShared explorationLock speedFull tech treeHidden civsTurbo modeCheats
Victory
Defeat
🇳🇿 Maya · New Zealand
726
+17
🇨🇳 Celts · China
740
-17
kaysko
9:33 Loom
12:12 Feudal Age
13:29 Double-Bit Axe
13:27 Horse Collar
18:39 Wheelbarrow
21:40 Castle Age
20:51 Padded Archer Armor
21:57 Fletching
22:56 Crossbowman
24:02 Gold Mining
24:29 Bow Saw
24:49 Heavy Plow
26:52 Leather Archer Armor
29:13 Stone Mining
29:20 Town Watch
29:56 Hand Cart
31:22 Thumb Ring
33:01 Bodkin Arrow
35:04 Town Patrol
38:57 Imperial Age
39:38 Bracer
40:08 Ring Archer Armor
39:02 Arbalester
盐田吴彦祖
11:43 Feudal Age
12:39 Double-Bit Axe
16:55 Castle Age
15:56 Man-at-Arms
17:39 Forging
17:32 Scale Mail Armor
19:29 Long Swordsman
25:40 Iron Casting
25:21 Gambesons
25:55 Horse Collar
26:08 Stone Mining
26:31 Bow Saw
27:46 Chain Mail Armor
27:19 Arson
28:34 Loom
33:13 Imperial Age
33:02 Herbal Medicine
33:36 Heavy Plow
34:41 Siege Engineers
34:35 Murder Holes
34:52 Masonry
35:12 Conscription
35:40 Wheelbarrow
37:04 Plate Mail Armor
37:35 Onager
39:03 Elite Woad Raider
41:57 Blast Furnace
42:23 Husbandry
41:44 Cavalier
42:46 Gold Mining
43:10 Scale Barding Armor
42:59 Fletching
43:16 Siege Engineers
46:47 Ballistics
47:39 Hoardings
48:35 Paladin
50:23 Stronghold
Connection lost

Rejoining the realm…

Still unreachable

The connection could not be restored.

Session expired

The server has moved on; the page needs a fresh start.